TOP OF THE 1ST |
Overland Park HS Triplets batting - Pitching for Brookline HS Warriors : RHP Clay Lyon
|
Pitching: RHP Clay Lyon
|
|
Batting: SHB Pat Hill
|
0-0: Swinging Strike 0-1: Foul Ball, location: 2F 0-2: Ball 1-2: Foul Ball, location: 2F 1-2: Ball 2-2: Ball 3-2: SINGLE (Flyball, 7S)
|
Batting: RHB Eddie Stanton
|
0-0: Foul Ball, location: 2F 0-1: Ball 1-1: Foul Ball, location: 2F 1-2: Ball 2-2: SINGLE (Groundball, 56S) (infield hit) Pat Hill to second
|
Batting: RHB Emery Cooper
|
0-0: Ball 1-0: Foul Ball, location: 2F 1-1: Foul Ball, location: 2F 1-2: Strikes out swinging
|
Batting: RHB Alex Moran
|
0-0: Called Strike 0-1: Ball 1-1: Foul Ball, location: 2F 1-2: Ball 2-2: Ball 3-2: Strikes out swinging
|
Batting: RHB Mark Simms
|
0-0: Ball 1-0: Called Strike 1-1: Foul Ball, location: 2F 1-2: Ball 2-2: Ball 3-2: Ground out 3-1 (Groundball, 34)
|
Top of the 1st over - 0 runs, 2 hits, 0 errors, 2 left on base; Overland Park HS 0 - Brookline HS 0 |
BOTTOM OF THE 1ST |
Brookline HS Warriors batting - Pitching for Overland Park HS Triplets : RHP Joe Williams
|
Pitching: RHP Joe Williams
|
|
Batting: RHB Gilbert Bentley
|
0-0: Swinging Strike 0-1: Swinging Strike 0-2: Ball 1-2: Ball 2-2: Strikes out swinging
|
Batting: LHB Earnest Butler
|
0-0: Ball 1-0: Called Strike 1-1: Ball 2-1: Foul Ball, location: 2F 2-2: Reached on error, E4 (Groundball, 34D)
|
Batting: RHB Raúl Rivera
|
0-0: Ball 1-0: Ball 2-0: Ball 3-0: Called Strike 3-1: Fly out, F7 (Flyball, 7S)
|
Batting: RHB León Colón
|
0-0: Called Strike 0-1: Called Strike 0-2: Ball 1-2: Foul Ball, location: 2F 1-2: Ball 2-2: Foul Ball, location: 2F 2-2: Strikes out swinging
|
Bottom of the 1st over - 0 runs, 0 hits, 1 error, 1 left on base; Overland Park HS 0 - Brookline HS 0 |
TOP OF THE 2ND |
Overland Park HS Triplets batting - Pitching for Brookline HS Warriors : RHP Clay Lyon
|
Batting: RHB Pablo Quintanilla
|
0-0: SINGLE (Line Drive, 9S)
|
Batting: RHB Al Kelly
|
0-0: Foul Ball, location: 2F 0-1: SINGLE (Line Drive, 6MD) Pablo Quintanilla to second
|
Batting: SHB John Hansen
|
0-0: Called Strike 0-1: Ball 1-1: Foul Ball, location: 2F 1-2: Foul Ball, location: 2F 1-2: SINGLE (Groundball, 5D) Pablo Quintanilla to third Al Kelly to second
|
Batting: RHB Carson Doss
|
0-0: Ball 1-0: Called Strike 1-1: Swinging Strike 1-2: Foul Ball, location: 2F 1-2: Ball 2-2: Ball 3-2: Base on Balls Pablo Quintanilla scores Al Kelly to third John Hansen to second
|
Batting: SHB Pat Hill
|
0-0: Swinging Strike 0-1: Foul Ball, location: 2F 0-2: Strikes out swinging
|
Batting: RHB Eddie Stanton
|
0-0: Ball 1-0: Swinging Strike 1-1: Ball 2-1: Ball 3-1: Grounds into double play, 6-4-3 (Groundball, 6)
|
Top of the 2nd over - 1 run, 3 hits, 0 errors, 2 left on base; Overland Park HS 1 - Brookline HS 0 |
BOTTOM OF THE 2ND |
Brookline HS Warriors batting - Pitching for Overland Park HS Triplets : RHP Joe Williams
|
Batting: RHB Michael Mossman
|
0-0: Called Strike 0-1: Swinging Strike 0-2: DOUBLE (Line Drive, 3D)
|
Batting: RHB Spike Lamb
|
0-0: Fly out, F4 (Line Drive, 34)
|
Batting: LHB Rich Heath
|
0-0: Ball 1-0: Ball 2-0: Foul Ball, location: 2F 2-1: Foul Ball, location: 2F 2-2: Ball 3-2: Base on Balls
|
Batting: RHB Theron Lyon
|
0-0: Called Strike 0-1: Ball 1-1: Called Strike 1-2: Ball 2-2: SINGLE (Flyball, 78S) Michael Mossman to third Rich Heath to second Runner from 3rd tries for Home, SAFE, no throw
|
Batting: RHB Cole Gray
|
0-0: Ball 1-0: SINGLE (Groundball, 15S) (infield hit) Rich Heath to third Theron Lyon to second
|
Batting: RHB Gilbert Bentley
|
0-0: Ball 1-0: Ball 2-0: Foul Ball, location: 2F 2-1: Ground out 3-1 (Groundball, 34S) Rich Heath scores Theron Lyon to third Cole Gray to second
|
Batting: LHB Earnest Butler
|
0-0: Called Strike 0-1: SINGLE (Line Drive, 89S) Theron Lyon scores Cole Gray to third
|
Batting: RHB Raúl Rivera
|
0-0: Ball 1-0: Called Strike 1-1: Foul Ball, location: 2F 1-2: Ball 2-2: Ball 3-2: Base on Balls Earnest Butler to second
|
Batting: RHB León Colón
|
0-0: Ball 1-0: Ball 2-0: Ball 3-0: Called Strike 3-1: Base on Balls Cole Gray scores Earnest Butler to third Raúl Rivera to second
|
Batting: RHB Michael Mossman
|
0-0: SINGLE (Groundball, 34) (infield hit) Earnest Butler scores Raúl Rivera to third León Colón to second
|
Batting: RHB Spike Lamb
|
0-0: SINGLE (Line Drive, 6) Raúl Rivera scores León Colón to third Michael Mossman to second Runner from 3rd tries for Home, SAFE, throw made home
|
Pitching: RHP Don White
|
|
Batting: LHB Rich Heath
|
0-0: Called Strike 0-1: Foul Ball, location: 2F 0-2: Fielders Choice at 2nd, U4 (Groundball, 4M)
|
Bottom of the 2nd over - 7 runs, 6 hits, 0 errors, 2 left on base; Overland Park HS 1 - Brookline HS 7 |
TOP OF THE 3RD |
Overland Park HS Triplets batting - Pitching for Brookline HS Warriors : RHP Clay Lyon
|
Batting: RHB Emery Cooper
|
0-0: Called Strike 0-1: Called Strike 0-2: Ball 1-2: Ball 2-2: Foul Ball, location: 2F 2-2: Ball 3-2: Base on Balls
|
Batting: RHB Alex Moran
|
0-0: Foul Ball, location: 2F 0-1: Ball 1-1: Reached on error, E6 (Groundball, 6) Emery Cooper to second
|
Batting: RHB Mark Simms
|
0-0: Foul Ball, location: 2F 0-1: Foul Ball, location: 2F 0-2: Foul Ball, location: 2F 0-2: Ball 1-2: DOUBLE (Line Drive, 78M) Emery Cooper scores Alex Moran to third
|
Batting: RHB Pablo Quintanilla
|
0-0: Ball 1-0: Ball 2-0: Ball 3-0: Called Strike 3-1: Called Strike 3-2: Foul Ball, location: 2F 3-2: Base on Balls
|
Batting: RHB Al Kelly
|
0-0: SINGLE (Groundball, 6MD) Alex Moran scores Mark Simms to third Pablo Quintanilla to second
|
Batting: SHB John Hansen
|
0-0: Called Strike 0-1: Ball 1-1: Ball 2-1: Foul Ball, location: 2F 2-2: Ball 3-2: Foul Ball, location: 2F 3-2: Strikes out looking
|
Pitching: LHP Stan Dwyer
|
|
Batting: RHB Carson Doss
|
0-0: Ground out 6-3 (Groundball, 6MS) Mark Simms scores Pablo Quintanilla to third Al Kelly to second
|
Batting: SHB Pat Hill
|
0-0: Foul Ball, location: 2F 0-1: Ball 1-1: Called Strike 1-2: SINGLE (Flyball, 78M) Pablo Quintanilla scores Al Kelly to third
|
Batting: RHB Eddie Stanton
|
0-0: Called Strike 0-1: Ball 1-1: Foul Ball, location: 2F 1-2: Foul Ball, location: 2F 1-2: Ball 2-2: Ball 3-2: SINGLE (Flyball, 8RS) Al Kelly scores Pat Hill to second Pat Hill to third
|
Batting: RHB Emery Cooper
|
0-0: Ball 1-0: Foul Ball, location: 2F 1-1: SINGLE (Flyball, 7LS) Pat Hill scores Eddie Stanton to second
|
Batting: RHB Alex Moran
|
0-0: Ball 1-0: Foul Ball, location: 2F 1-1: Ball 2-1: Foul Ball, location: 2F 2-2: Fly out, F9 (Flyball, 9S)
|
Top of the 3rd over - 6 runs, 5 hits, 1 error, 2 left on base; Overland Park HS 7 - Brookline HS 7 |
BOTTOM OF THE 3RD |
Brookline HS Warriors batting - Pitching for Overland Park HS Triplets : RHP Don White
|
Batting: RHB Theron Lyon
|
0-0: Foul Ball, location: 2F 0-1: Ball 1-1: Foul Ball, location: 2F 1-2: Fly out, F5 (Line Drive, 5L)
|
Batting: RHB Cole Gray
|
0-0: Ball 1-0: Swinging Strike 1-1: Ball 2-1: Ground out 5-3 (Groundball, 56)
|
Batting: RHB Gilbert Bentley
|
0-0: Ground out 4-3 (Groundball, 4)
|
Bottom of the 3rd over - 0 runs, 0 hits, 0 errors, 0 left on base; Overland Park HS 7 - Brookline HS 7 |
TOP OF THE 4TH |
Overland Park HS Triplets batting - Pitching for Brookline HS Warriors : LHP Stan Dwyer
|
Batting: RHB Mark Simms
|
0-0: Ball 1-0: Swinging Strike 1-1: Ball 2-1: Called Strike 2-2: Ground out 6-3 (Groundball, 6)
|
Batting: RHB Pablo Quintanilla
|
0-0: Hit by Pitch
|
Batting: RHB Al Kelly
|
0-0: Called Strike 0-1: Fly out, F9 (Flyball, 9LD)
|
Batting: SHB John Hansen
|
0-0: Ball 1-0: DOUBLE (Groundball, 5L) Pablo Quintanilla to third Runner from 3rd tries for Home, SAFE, no throw
|
Batting: RHB Carson Doss
|
0-0: Foul Ball, location: 2F 0-1: Ball 1-1: SINGLE (Line Drive, 6M) John Hansen to third
|
Batting: SHB Pat Hill
|
0-0: Ball 1-0: SINGLE (Groundball, 56S) (infield hit) John Hansen scores Carson Doss to second
|
Batting: RHB Eddie Stanton
|
0-0: Called Strike 0-1: Called Strike 0-2: Fielders Choice at 2nd, 5-4 (Groundball, 5)
|
Top of the 4th over - 2 runs, 3 hits, 0 errors, 2 left on base; Overland Park HS 9 - Brookline HS 7 |
BOTTOM OF THE 4TH |
Brookline HS Warriors batting - Pitching for Overland Park HS Triplets : RHP Don White
|
Batting: LHB Earnest Butler
|
0-0: Ball 1-0: Ball 2-0: SOLO HOME RUN (Flyball, 9LD), Distance : 363 ft
|
Batting: RHB Raúl Rivera
|
0-0: Called Strike 0-1: Foul Ball, location: 2F 0-2: Foul Ball, location: 2F 0-2: Ground out 5-3 (Groundball, 56S)
|
Batting: RHB León Colón
|
0-0: Ball 1-0: Fly out, F8 (Flyball, 8RD)
|
Batting: RHB Michael Mossman
|
0-0: Called Strike 0-1: Ball 1-1: Ground out 5-3 (Groundball, 5L)
|
Bottom of the 4th over - 1 run, 1 hit, 0 errors, 0 left on base; Overland Park HS 9 - Brookline HS 8 |
TOP OF THE 5TH |
Overland Park HS Triplets batting - Pitching for Brookline HS Warriors : LHP Stan Dwyer
|
Batting: RHB Emery Cooper
|
0-0: Called Strike 0-1: Ball 1-1: Ball 2-1: Foul Ball, location: 2F 2-2: Ball 3-2: Foul Ball, location: 2F 3-2: Base on Balls
|
Pitching: RHP Don Hayes
|
|
Batting: RHB Alex Moran
|
0-0: Ball 1-0: Foul Ball, location: 2F 1-1: Ball 2-1: Ball 3-1: Foul Ball, location: 2F 3-2: Fielders Choice at 2nd, 6-4 (Groundball, 6)
|
Batting: RHB Mark Simms
|
0-0: Foul Ball, location: 2F 0-1: SINGLE (Flyball, 9S) Alex Moran to second
|
Batting: RHB Pablo Quintanilla
|
0-0: Ball 1-0: Foul Ball, location: 2F 1-1: SINGLE (Groundball, 25) (infield hit) Alex Moran to third Mark Simms to second
|
Batting: RHB Al Kelly
|
0-0: Called Strike 0-1: Ball 1-1: Ball Passed Ball! Alex Moran scores Mark Simms to third Pablo Quintanilla to second 2-1: Intentional Walk
|
Batting: SHB John Hansen
|
0-0: Ball 1-0: Ball 2-0: Grounds into fielders choice 5-2 (Groundball, 56S) Pablo Quintanilla to third Al Kelly to second
|
Pitching: LHP Edgardo Sánchez
|
|
Batting: RHB Carson Doss
|
0-0: SINGLE (Flyball, 78S) Pablo Quintanilla scores Al Kelly to third John Hansen to second Runner from 3rd tries for Home, SAFE, no throw
|
Batting: SHB Pat Hill
|
0-0: Called Strike 0-1: 3-RUN HOME RUN (Flyball, 89XD), Distance : 427 ft
|
Batting: RHB Eddie Stanton
|
0-0: Ball 1-0: Ball 2-0: Ball 3-0: Swinging Strike 3-1: Base on Balls
|
Pitching: RHP Paul Powell
|
|
Batting: RHB Emery Cooper
|
0-0: Swinging Strike 0-1: Swinging Strike 0-2: Ball 1-2: Ball 2-2: Strikes out swinging
|
Top of the 5th over - 6 runs, 4 hits, 0 errors, 1 left on base; Overland Park HS 15 - Brookline HS 8 |
BOTTOM OF THE 5TH |
Brookline HS Warriors batting - Pitching for Overland Park HS Triplets : RHP Don White
|
Batting: RHB Spike Lamb
|
0-0: Ground out U3 (Groundball, 34)
|
Batting: LHB Rich Heath
|
0-0: Foul Ball, location: 2F 0-1: Called Strike 0-2: Foul Ball, location: 2F 0-2: Ball 1-2: Ball 2-2: Ball 3-2: Fly out, F7 (Flyball, 7LD)
|
Batting: RHB Theron Lyon
|
0-0: Ball 1-0: Ball 2-0: Ball 3-0: Called Strike 3-1: Base on Balls
|
Batting: RHB Cole Gray
|
0-0: Ball 1-0: SINGLE (Line Drive, 6) Theron Lyon to second
|
Batting: RHB Gilbert Bentley
|
0-0: Ball 1-0: SINGLE (Groundball, 6MD) Theron Lyon to third Cole Gray to second Runner from 3rd tries for Home, SAFE, no throw
|
Batting: LHB Earnest Butler
|
0-0: Called Strike 0-1: Swinging Strike 0-2: Foul Ball, location: 2F 0-2: Hit by Pitch Cole Gray to third Gilbert Bentley to second
|
Batting: RHB Raúl Rivera
|
0-0: Ball 1-0: Ball 2-0: Foul Ball, location: 2F 2-1: Ground out 4-3 (Groundball, 34)
|
Bottom of the 5th over - 1 run, 2 hits, 0 errors, 3 left on base; Overland Park HS 15 - Brookline HS 9 |
TOP OF THE 6TH |
Overland Park HS Triplets batting - Pitching for Brookline HS Warriors : RHP Paul Powell
|
Batting: RHB Alex Moran
|
0-0: SINGLE (Groundball, 34) (infield hit)
|
Batting: RHB Mark Simms
|
0-0: Ball 1-0: Ball 2-0: Foul Ball, location: 2F 2-1: Foul Ball, location: 2F 2-2: Foul Ball, location: 2F 2-2: Ball 3-2: Ground out 3-1 (Groundball, 34S) Alex Moran to second
|
Batting: RHB Pablo Quintanilla
|
0-0: Reached via error on a dropped throw, E1 Alex Moran to third
|
Batting: RHB Al Kelly
|
0-0: Ball 1-0: Called Strike 1-1: Foul Ball, location: 2F 1-2: Strikes out swinging
|
Batting: SHB John Hansen
|
0-0: Called Strike 0-1: Foul Ball, location: 2F 0-2: Ball 1-2: Ball 2-2: Ball 3-2: Strikes out swinging
|
Top of the 6th over - 0 runs, 1 hit, 1 error, 2 left on base; Overland Park HS 15 - Brookline HS 9 |
BOTTOM OF THE 6TH |
Brookline HS Warriors batting - Pitching for Overland Park HS Triplets : RHP Don White
|
Batting: RHB León Colón
|
0-0: Ball 1-0: Ball 2-0: Foul Ball, location: 2F 2-1: Foul Ball, location: 2F 2-2: Ball 3-2: Base on Balls
|
Batting: RHB Michael Mossman
|
0-0: Called Strike 0-1: Fly out, F4 (Line Drive, 4M)
|
Batting: RHB Spike Lamb
|
0-0: Called Strike 0-1: Foul Ball, location: 2F 0-2: Strikes out swinging
|
Batting: LHB Rich Heath
|
0-0: Ball 1-0: Ball 2-0: Foul Ball, location: 2F 2-1: SINGLE (Groundball, 6MD) León Colón to second
|
Batting: RHB Theron Lyon
|
0-0: Called Strike 0-1: Ball 1-1: Fly out, F2 (Popup, 13S)
|
Bottom of the 6th over - 0 runs, 1 hit, 0 errors, 2 left on base; Overland Park HS 15 - Brookline HS 9 |
TOP OF THE 7TH |
Overland Park HS Triplets batting - Pitching for Brookline HS Warriors : RHP Paul Powell
|
Batting: RHB Carson Doss
|
0-0: Ball 1-0: Ball 2-0: Foul Ball, location: 2F 2-1: Foul Ball, location: 2F 2-2: Foul Ball, location: 2F 2-2: Ball 3-2: Base on Balls
|
Batting: SHB Pat Hill
|
0-0: Ball Carson Doss is caught stealing 2nd base 1-0: Called Strike 1-1: Foul Ball, location: 2F 1-2: Foul Ball, location: 2F 1-2: Ball 2-2: Fly out, F9 (Line Drive, 9D)
|
Batting: RHB Eddie Stanton
|
0-0: Ball 1-0: Called Strike 1-1: Called Strike 1-2: Ball 2-2: Strikes out swinging
|
Top of the 7th over - 0 runs, 0 hits, 0 errors, 0 left on base; Overland Park HS 15 - Brookline HS 9 |
BOTTOM OF THE 7TH |
Brookline HS Warriors batting - Pitching for Overland Park HS Triplets : RHP Don White
|
Batting: RHB Cole Gray
|
0-0: SINGLE (Groundball, 34D)
|
Pitching: LHP Wayne Smith
|
|
Batting: RHB Gilbert Bentley
|
0-0: Called Strike 0-1: Swinging Strike 0-2: Strikes out swinging
|
Batting: LHB Earnest Butler
|
0-0: Swinging Strike 0-1: Foul Ball, location: 2F 0-2: Fly out, F8 (Flyball, 8RS)
|
Batting: RHB Raúl Rivera
|
0-0: Called Strike 0-1: Called Strike 0-2: Ball 1-2: Foul Ball, location: 2F 1-2: Strikes out swinging
|
Bottom of the 7th over - 0 runs, 1 hit, 0 errors, 1 left on base; Overland Park HS 15 - Brookline HS 9 |
TOP OF THE 8TH |
Overland Park HS Triplets batting - Pitching for Brookline HS Warriors : RHP Paul Powell
|
Batting: RHB Emery Cooper
|
0-0: Swinging Strike 0-1: Foul Ball, location: 2F 0-2: Strikes out swinging, 2-3 out at first.
|
Pitching: RHP Max Brewer
|
|
Batting: RHB Alex Moran
|
0-0: Ball 1-0: Swinging Strike 1-1: Foul Ball, location: 2F 1-2: Strikes out looking
|
Batting: RHB Mark Simms
|
0-0: Ball 1-0: Foul Ball, location: 2F 1-1: SOLO HOME RUN (Flyball, 7LD), Distance : 367 ft
|
Batting: RHB Pablo Quintanilla
|
0-0: Ball 1-0: Fly out, F8 (Flyball, 8LM)
|
Top of the 8th over - 1 run, 1 hit, 0 errors, 0 left on base; Overland Park HS 16 - Brookline HS 9 |
BOTTOM OF THE 8TH |
Brookline HS Warriors batting - Pitching for Overland Park HS Triplets : LHP Wayne Smith
|
Now at 2B: Paco Tapia
|
|
Batting: RHB León Colón
|
0-0: Ball 1-0: Ball 2-0: Ground out 4-3 (Groundball, 4)
|
Batting: RHB Michael Mossman
|
0-0: Ball 1-0: Swinging Strike 1-1: Ball 2-1: Ball 3-1: Foul Ball, location: 2F 3-2: Fly out, F8 (Flyball, 8LM)
|
Batting: RHB Spike Lamb
|
0-0: Ball 1-0: Ball 2-0: Foul Ball, location: 2F 2-1: Ground out 4-3 (Groundball, 4)
|
Bottom of the 8th over - 0 runs, 0 hits, 0 errors, 0 left on base; Overland Park HS 16 - Brookline HS 9 |
TOP OF THE 9TH |
Overland Park HS Triplets batting - Pitching for Brookline HS Warriors : RHP Max Brewer
|
Batting: RHB Al Kelly
|
0-0: Ground out 5-3 (Groundball, 5S)
|
Batting: SHB John Hansen
|
0-0: Ball 1-0: Swinging Strike 1-1: Called Strike 1-2: Strikes out swinging
|
Batting: RHB Carson Doss
|
0-0: Ball 1-0: Ball 2-0: Ball 3-0: Base on Balls
|
Batting: SHB Pat Hill
|
0-0: Ball 1-0: Swinging Strike 1-1: Swinging Strike 1-2: Strikes out looking
|
Top of the 9th over - 0 runs, 0 hits, 0 errors, 1 left on base; Overland Park HS 16 - Brookline HS 9 |
BOTTOM OF THE 9TH |
Brookline HS Warriors batting - Pitching for Overland Park HS Triplets : LHP Wayne Smith
|
Batting: LHB Rich Heath
|
0-0: Ball 1-0: Ball 2-0: Ball 3-0: Foul Ball, location: 2F 3-1: Base on Balls
|
Batting: RHB Theron Lyon
|
0-0: SINGLE (Flyball, 78S) Rich Heath to second
|
Batting: RHB Cole Gray
|
0-0: SINGLE (Groundball, 56S) (infield hit) Rich Heath to third Theron Lyon to second
|
Batting: RHB Gilbert Bentley
|
0-0: Called Strike 0-1: Ball 1-1: Grounds into double play, 4-6-3 (Groundball, 4) Rich Heath scores Theron Lyon to third
|
Batting: LHB Earnest Butler
|
0-0: Foul Ball, location: 2F 0-1: Ball 1-1: Ball 2-1: Ball 3-1: Foul Ball, location: 2F 3-2: DOUBLE (Flyball, 78XD) Theron Lyon scores
|
Batting: RHB Raúl Rivera
|
0-0: Called Strike 0-1: Foul Ball, location: 2F 0-2: Foul Ball, location: 2F 0-2: Foul Ball, location: 2F 0-2: Ball 1-2: Ball 2-2: Foul Ball, location: 2F 2-2: Strikes out swinging
|
Bottom of the 9th over - 2 runs, 3 hits, 0 errors, 1 left on base; Overland Park HS 16 - Brookline HS 11 |
|